AoeStats
← Ringed_bagels

Arena

510012429Analyzed
3v3 RM · 3d ago on Sep 29, 2026· 23m 59s· 6 players
Game mode
Random Map
Map size
Normal (6 player)
Population
200
Speed
Normal
Resources
Standard
Victory
Conquest
Starting age
Dark Age
Ending age
Imperial Age
RankedLock teamsTeams togetherTeam positionsShared explorationLock speedFull tech treeHidden civsTurbo modeCheats
Victory
Defeat
🇺🇸 Britons · United States
1010
+20
🇺🇸 Goths · United States
1000
+20
🇺🇸 Magyars · United States
915
+24
🇲🇽 Malay · Mexico
1123
-22
🇲🇽 Saracens · Mexico
1104
-22
🇺🇸 Saxons · United States
1055
-20
IvanWintergreen
10:02 Feudal Age
14:31 Castle Age
14:06 Double-Bit Axe
17:53 Wheelbarrow
17:06 Horse Collar
19:36 Bow Saw
18:53 Crossbowman
19:36 Gold Mining
21:24 Fletching
21:35 Scale Mail Armor
OM | SOMBRASV1
11:55 Feudal Age
sumply
5:31 Loom
8:31 Feudal Age
8:21 Double-Bit Axe
18:50 Fletching
19:19 Horse Collar
AirPerrone
8:14 Loom
12:07 Feudal Age
13:27 Man-at-Arms
14:25 Fletching
14:36 Padded Archer Armor
15:19 Wheelbarrow
Ringed_bagels
5:28 Loom
10:57 Feudal Age
11:07 Man-at-Arms
11:32 Horse Collar
11:41 Double-Bit Axe
13:37 Gold Mining
19:13 Castle Age
17:44 Stone Mining
22:26 Bow Saw
Yelmite
11:01 Feudal Age
16:12 Castle Age
16:07 Man-at-Arms
16:52 Loom
17:24 Scale Mail Armor
17:35 Forging
16:57 Long Swordsman
17:53 Gold Mining
17:50 Double-Bit Axe
17:48 Horse Collar
19:36 Wheelbarrow
19:34 Squires
22:50 Chain Mail Armor
Connection lost

Rejoining the realm…

Still unreachable

The connection could not be restored.

Session expired

The server has moved on; the page needs a fresh start.